 Dungeon Crawl Stone Soup version 0.30-a0-1163-gf69bf04e7a (webtiles) character file.

Game seed: 11317725892243195822

633 vineage the Cudgeller (level 7, -5/44 HPs)
             Began as a Gargoyle Fighter on Apr 28, 2023.
             Slain by Duvessa
             ... wielding a +1 short sword of draining
              (8 damage)
             ... on level 5 of the Dungeon.
             The game lasted 00:04:04 (3433 turns).

vineage the Cudgeller (Gargoyle Fighter)            Turns: 3433, Time: 00:04:05

Health: -5/44      AC: 14    Str: 20    XL:     7   Next: 49%
Magic:  7/7        EV:  9    Int:  8    God:
Gold:   189        SH:  5    Dex: 11    Spells: 6/6 levels left

rFire   . . .        s - +2 flail (heavy)
rCold   . . .        c - +0 buckler
rNeg    + . .        b - +0 scale mail
rPois   ∞            i - +0 helmet
rElec   +            j - +0 cloak {rPois}
rCorr   .            (no gloves)
SInv    .            (no boots)
Will    .....        (no amulet) Stlth
                     (no ring)
HPRegen 0.27/turn    (no ring)
MPRegen 0.10/turn

%: no passive effects
@: mighty, lit by a corona, glowing
A: sickness immunity, AC +4, negative energy resistance 1, electricity
resistance, torment resistance 1, petrification resistance
a: no special abilities


You were on level 5 of the Dungeon.
You visited 1 branch of the dungeon, and saw 5 of its levels.

You collected 189 gold pieces.

Inventory:

Hand Weapons
 a - a +0 flail
 o - the +2 sling "Undertaker" {elec, rPois Str+3}
   (You found it on level 3 of the Dungeon)

   Str:       It affects your strength (+3).
   rPois:     It protects you from poison.
 s - a +2 heavy flail (weapon)
Armour
 b - a +0 scale mail (worn)
 c - a +0 buckler (worn)
 i - a +0 helmet (worn)
 j - a +0 cloak of poison resistance (worn)
Wands
 n - a wand of digging (5)
Scrolls
 f - 3 scrolls of teleportation
 m - a scroll of immolation {unknown}
 q - a scroll of identify
 r - a scroll of vulnerability {unknown}
Potions
 e - a potion of berserk rage {unknown}
 g - a potion of attraction
 h - 2 potions of mutation {unknown}
 l - a potion of degeneration {unknown}
 p - a potion of cancellation {unknown}


   Skills:
 + Level 5.0 Fighting
 * Level 5.3 Maces & Flails
 + Level 5.0 Armour
 + Level 5.0 Shields


You had 6 spell levels left.
You didn't know any spells.
Your spell library contained the following spells:

 Spells                   Type           Power      Damage    Failure   Level
 Apportation              Tloc           0%         N/A       82%         1
 Blink                    Tloc           0%         N/A       91%         2
 Ensorcelled Hibernation  Hex/Ice        0%         N/A       91%         2
 Lesser Beckoning         Tloc           0%         N/A       91%         2
 Momentum Strike          Conj/Tloc      0%         3d8       91%         2
 Ignite Poison            Fire/Tmut/Pois 0%         N/A       99%         3
 Manifold Assault         Tloc           0%         N/A       100%        4
 Freezing Cloud           Conj/Ice/Air   0%         6-21      100%        5
 Cigotuvi's Dreadful Rot  Necr/Pois/Air  Unusable   N/A       N/A         2

Dungeon Overview and Level Annotations

Branches:
Dungeon (5/15)
 Temple: D:4-7

Altars:
Nemelex Xobeh
Wu Jian

Annotations:
D:5 Duvessa


Innate Abilities, Weirdness & Mutations

You are immune to sickness and miasma.
Your stone body is resilient. (AC +4)
You are immune to poison.
You resist negative energy. (rN+)
You are resistant to electric shocks. (rElec)
You are resistant to unholy torment.
You are immune to petrification.


Message History

Duvessa is heavily wounded.
Duvessa hits you with a +1 short sword of draining.
Duvessa hits you with a +1 short sword of draining!
You are too injured to fight recklessly!
You are too injured to fight recklessly!
You are too injured to fight recklessly!
You are too injured to fight recklessly!
You are too injured to fight recklessly!
You are too injured to fight recklessly!
You are too injured to fight recklessly!
You are too injured to fight recklessly!
You are too injured to fight recklessly!
You are too injured to fight recklessly!
You are too injured to fight recklessly!
You are too injured to fight recklessly!
You are too injured to fight recklessly!
You feel much better.
Duvessa hits you with a +1 short sword of draining. x2
You barely miss Duvessa.
Duvessa is heavily wounded.
Duvessa hits you with a +1 short sword of draining! x2
You hit Duvessa but do no damage.
Duvessa is heavily wounded.
Duvessa hits you but does no damage.
Duvessa hits you with a +1 short sword of draining.
* * * LOW HITPOINT WARNING * * *
Duvessa hits you with a +1 short sword of draining!
* * * LOW HITPOINT WARNING * * *
You feel much better.
Duvessa hits you with a +1 short sword of draining.
You feel very mighty all of a sudden.
Duvessa hits you with a +1 short sword of draining.
* * * LOW HITPOINT WARNING * * *
Duvessa barely misses you.
You bludgeon Duvessa!!
Duvessa is almost dead.
Duvessa hits you with a +1 short sword of draining!
* * * LOW HITPOINT WARNING * * *
Duvessa hits you with a +1 short sword of draining!
You die...

............#.....#.....
........#.....#.........
#........#.#.###.#......
#.......##.#...#.##.....
#.................####.#
.... ..#...##....# .
................#
##............#
####..<..@.#....#
#....)e###.... ##.....#
.... #....... ...
#....... .. ##.......
........ #.##..####


You could see Duvessa (berserk).

Vanquished Creatures
  Edmund (D:5)
  An ogre (D:4)
  A phantom (D:4)
  A scorpion (D:4)
  Dowan (D:5)
  Natasha (thrice) (D:3)
  Terence (D:3)
  5 adders
  A white imp (D:5)
  6 worms
  3 dart slugs
  6 orcs (D:4)
  3 ball pythons
  4 endoplasms
  7 giant cockroaches
  8 goblins
  6 hobgoblins
  3 kobolds
  A quokka (D:2)
  5 bats
  3 frilled lizards
  5 rats
75 creatures vanquished.

Notes
Turn   | Place    | Note
-------+----------+-------------------------------------------
     0 | D:1      | vineage the Gargoyle Fighter began the quest for the Orb.
     0 | D:1      | Reached XP level 1. HP: 14/14 MP: 1/1
   107 | D:1      | Reached XP level 2. HP: 19/19 MP: 2/2
   333 | D:1      | Reached XP level 3. HP: 19/23 MP: 3/3
   676 | D:2      | Found a sparkling altar of Nemelex Xobeh.
   916 | D:2      | Reached XP level 4. HP: 29/29 MP: 4/4
  1438 | D:3      | Got Uriesun's Collected Works on Frostbite and Angles
  1462 | D:3      | Noticed Natasha
  1474 | D:3      | Killed Natasha
  1546 | D:3      | Found an ornate altar of the Wu Jian Council.
  1608 | D:3      | Reached XP level 5. HP: 25/33 MP: 5/5
  1663 | D:3      | Noticed Terence
  1680 | D:3      | Killed Terence
  2082 | D:3      | Identified the +2 sling "Undertaker" {elec, rPois Str+3}
  2256 | D:3      | Noticed Natasha
  2265 | D:3      | Killed Natasha
  2334 | D:3      | Noticed Natasha
  2342 | D:3      | Killed Natasha
  2563 | D:4      | Noticed a phantom
  2567 | D:4      | Killed a phantom
  2568 | D:4      | Reached XP level 6. HP: 39/39 MP: 6/6
  2901 | D:4      | Reached XP level 7. HP: 27/44 MP: 7/7
  3277 | D:5      | Entered Level 5 of the Dungeon
  3277 | D:5      | Noticed Edmund
  3296 | D:5      | Killed Edmund
  3297 | D:5      | Reached skill level 5 in Maces & Flails
  3416 | D:5      | Noticed Dowan
  3418 | D:5      | Noticed Duvessa
  3425 | D:5      | Killed Dowan
  3426 | D:5      | Reached skill level 5 in Fighting
  3426 | D:5      | Reached skill level 5 in Armour
  3426 | D:5      | Reached skill level 5 in Shields
  3430 | D:5      | HP: 1/44 [Duvessa/+1 short sword of draining (12)]
  3433 | D:5      | Slain by Duvessa

Illustrated notes

Levels and vault maps discovered:
D:1:      dpeg_arrival_tiny_c, layout_rooms
D:2:      layout_loops_ring, basic_altar, minivault_11
D:3:      layout_loops_corners, nicolae_wu_jian_wuxing_cycle, uniq_natasha,
          uniq_terence
D:4:      layout_basic
D:5:      layout_cave_pools, minmay_overflow_temple_star_quad,
          mainiacjoe_overflow_alcove_4, uniq_duvessa, uniq_edmund

Skill      XL: |  1  2  3  4  5  6  7 |
---------------+----------------------+-----
Maces & Flails | 3 4 5 |  5.3
Armour         | 4 5 |  5.0
Fighting       | 4 5 |  5.0
Shields        | 4 5 |  5.0

Action                     |  1- 3 |  4- 6 |  7- 9 || total
---------------------------+-------+-------+-------++-------
  Melee: Flail             |   107 |    77 |    30 ||   214
   Fire: Sling             |       |   112 |       ||   112
    Use: Scroll            |     3 |     1 |       ||     4
         Potion            |       |       |     3 ||     3
 Armour: Scale mail        |    84 |    84 |    10 ||   178
  Dodge: Dodged            |    66 |    67 |    11 ||   144
  Block: Buckler           |    28 |    34 |     7 ||    69

Table legend: (Time is in decaauts)
 A = Elapsed time spent in this place.
 B = Non-inter-level travel time spent in this place.
 C = Inter-level travel time spent in this place.
 D = Time resting spent in this place.
 E = Time spent auto-exploring this place.
 F = Levels seen in this place.
 G = Mean time per level.
                   A        B        C        D        E       F      G
               +--------+--------+--------+--------+--------+-----+--------+
         Total |   3570 |   3395 |    175 |     86 |   2609 |   5 |  714.0 |
       Dungeon |   3570 |   3395 |    175 |     86 |   2609 |   5 |  714.0 |
               +--------+--------+--------+--------+--------+-----+--------+

Top non-repeatable levels by time:
     D:3: 1105 daAuts
     D:4: 910 daAuts
     D:2: 843 daAuts
     D:1: 545 daAuts
     D:5: 165 daAuts
